[Event "Early-Titled-Tuesday-Blitz-May-07-2024"]
[Site "Chess.com"]
[Date "2024.05.07"]
[Round "11"]
[White "Stanbad1"]
[Black "GoltsevDmitry2000"]
[Result "1-0"]
[WhiteElo "2616"]
[BlackElo "2753"]
[TimeControl "180+1"]
[EndTime "10:11:12 PDT"]
[Termination "Stanbad1 won by checkmate"]

1. d4 e6 2. Nc3 d5 3. Bf4 a6 4. e3 Nf6 5. Bd3 Bb4 6. Ne2 Ne4 7.
Bxe4 dxe4 8. O-O f5 9. d5 Qe7 10. dxe6 Bxe6 11. Nd5 Bxd5 12. Qxd5 Nc6 13. Qxf5 g6 14. Qd5 Rd8 15. Qc4 Rd2 16. Ng3 Na5 17. Qxc7 Qxc7 18. Bxc7 Rxc2 19. Be5 O-O 20. Nxe4 Nc4 21.
Bd4 Nxb2 22. Rab1 Ba3 23. Nf6+ Kf7 24. Nxh7 b5 25. Nxf8 Kxf8 26. Rfc1 Re2 27. Bc5+ Bxc5 28. Rxc5 Nd3 29. Rc6 Rxa2 30. Rxg6 a5 31. h4 Ne5 32. Rg5 Nd3 33. Rgxb5 a4 34. Rd5 Ra3 35. h5 Rc3 36. h6 Kg8 37. Rb7 a3 38. Rd8# 1-0

[Event "Early-Titled-Tuesday-Blitz-May-07-2024"]
[Site "Chess.com"]
[Date "2024.05.07"]
[Round "11"]
[White "LileKoridze"]
[Black "Shield12"]
[Result "1-0"]
[WhiteElo "2400"]
[BlackElo "2920"]
[TimeControl "180+1"]
[EndTime "10:11:14 PDT"]
[Termination "LileKoridze won on time"]

1. d4 Nf6 2. c4 e6 3. Nf3 d5 4. g3 dxc4 5. Bg2 Nc6 6. O-O Rb8 7. Nc3 b5 8. e4 Be7 9. d5 exd5 10. exd5 Nb4 11. Nd4 1-0

[Event "Early-Titled-Tuesday-Blitz-May-07-2024"]
[Site "Chess.com"]
[Date "2024.05.07"]
[Round "11"]
[White "manitodeplomo"]
[Black "MathiasWomacka"]
[Result "0-1"]
[WhiteElo "2603"]
[BlackElo "2542"]
[TimeControl "180+1"]
[EndTime "10:11:29 PDT"]
[Termination "MathiasWomacka won by checkmate"]

1. d4 Nf6 2. c4 e6 3. Nf3 Bb4+ 4. Bd2 Qe7 5. g3 Bxd2+ 6. Qxd2 Nc6 7. Nc3 d5 8. cxd5 exd5 9. Bg2 Bg4 10. O-O O-O-O 11.
Rfc1 Ne4 12. Qf4 Bxf3 13. exf3 Nxc3 14. Rxc3 Qb4 15. Qxf7 Qxd4 16. f4 Rhe8 17. Qf5+ Kb8 18. Qxh7 Re2 19. Rc2 Qxf2+ 20. Kh1 Qxg2# 0-1

[Event "Early-Titled-Tuesday-Blitz-May-07-2024"]
[Site "Chess.com"]
[Date "2024.05.07"]
[Round "11"]
[White "BogdanDeac"]
[Black "nihalsarin"]
[Result "1/2-1/2"]
[WhiteElo "3120"]
[BlackElo "3159"]
[TimeControl "180+1"]
[EndTime "10:11:33 PDT"]
[Termination "Game drawn by repetition"]

1. d4 Nf6 2. c4 e6 3. Nf3 d5 4. Nc3 a5 5. e3 c6 6. Qc2 Nbd7 7. Bd2 Bd6 8. e4 dxe4 9. Nxe4 Nxe4 10. Qxe4 O-O 11.
Bd3 Nf6 12. Qh4 Bb4 13. Bc3 h6 14. O-O b6 15. Ne5 Bb7 16. Rad1 Nd7 17. Qe4 Nf6 18. Qh4 Nd7 19. Qe4 Nf6 20. Qh4 1/2-1/2

[Event "Early-Titled-Tuesday-Blitz-May-07-2024"]
[Site "Chess.com"]
[Date "2024.05.07"]
[Round "11"]
[White "Thjop"]
[Black "ChristopherYoo"]
[Result "0-1"]
[WhiteElo "2628"]
[BlackElo "2995"]
[TimeControl "180+1"]
[EndTime "10:11:34 PDT"]
[Termination "ChristopherYoo won by resignation"]

1. e4 e5 2. Nf3 Nc6 3. Bb5 a6 4.
Ba4 Nge7 5. O-O Ng6 6. c3 d5 7. exd5 Qxd5 8. d4 Bg4 9. dxe5 O-O-O 10. Qxd5 Rxd5 11. Bxc6 bxc6 12. Nbd2 Nxe5 13. Nxe5 Rxe5 14. Nc4 Re2 15. Ne3 Bh5 16. g4 Bg6 17. Rd1 Be4 18. Kf1 Bf3 19. Rd4 g5 20. Nc2 Rxc2 0-1

[Event "Early-Titled-Tuesday-Blitz-May-07-2024"]
[Site "Chess.com"]
[Date "2024.05.07"]
[Round "11"]
[White "Mikhail_Golubev"]
[Black "BeReal24"]
[Result "1-0"]
[WhiteElo "2606"]
[BlackElo "2481"]
[TimeControl "180+1"]
[EndTime "10:11:45 PDT"]
[Termination "Mikhail_Golubev won by resignation"]

1. e4 c5 2. Nf3 d6 3. d4 cxd4 4. Nxd4 Nf6 5. Nc3 a6 6. Bc4 e6 7. O-O b5 8. Bb3 Nbd7 9. Re1 Nc5 10. Bd5 exd5 11. exd5+ Kd7 12. b4 Na4 13. Nxa4 bxa4 14. c4 Kc7 15. Qxa4 Bd7 16. Nc6 Bxc6 17. dxc6 Be7 18.
Rb1 Re8 19. Be3 Bf8 20. b5 axb5 21. Bb6+ Kxc6 22. Qxb5+ 1-0

[Event "Early-Titled-Tuesday-Blitz-May-07-2024"]
[Site "Chess.com"]
[Date "2024.05.07"]
[Round "11"]
[White "Aminazinas"]
[Black "andrzej"]
[Result "1-0"]
[WhiteElo "2633"]
[BlackElo "2465"]
[TimeControl "180+1"]
[EndTime "10:11:57 PDT"]
[Termination "Aminazinas won by checkmate"]

1. e4 d5 2. exd5 Qxd5 3. Nc3 Qa5 4. d4 Nf6 5. Nf3 c6 6. Bc4 Bf5 7. Bd2 e6 8. d5 cxd5 9. Nxd5 Qd8 10. Nxf6+ gxf6 11. Bc3 Qxd1+ 12. Rxd1 Be7 13. Nd4 Bg6 14. O-O a6 15.
Rfe1 O-O 16. Nxe6 fxe6 17. Rxe6 Bf7 18. Rxe7 Bxc4 19. Rd4 Nc6 20. Rg4+ Kh8 21. Rxb7 Bd5 22. Rgg7 Be4 23. f3 Bxc2 24. Rgc7 Rac8 25. Bxf6+ Kg8 26.
Rg7+ Kh8 27. Rxh7+ Kg8 28. Rh8# 1-0

[Event "Early-Titled-Tuesday-Blitz-May-07-2024"]
[Site "Chess.com"]
[Date "2024.05.07"]
[Round "11"]
[White "Acva-Alenok"]
[Black "Silent-Killer100"]
[Result "0-1"]
[WhiteElo "2357"]
[BlackElo "2553"]
[TimeControl "180+1"]
[EndTime "10:11:59 PDT"]
[Termination "Silent-Killer100 won by checkmate"]

1. d4 b6 2. c4 Bb7 3. Nc3 Nf6 4. d5 e6 5. e4 exd5 6. cxd5 Bb4 7. Bd3 O-O 8. Ne2 Re8 9. O-O c6 10. a3 Bxc3 11.
Nxc3 cxd5 12. exd5 h6 13. Qf3 Na6 14. Bf4 Nc7 15.
Qg3 Nh5 16. Bxc7 Nxg3 17. Bxd8 Nxf1 18. Bh4 Nd2 19. Rd1 Nb3 20. Bf5 Nc5 21. b4 g6 22. Bh3 Nb3 23. Bxd7 Re5 24. Bg3 Re7 25. Bc6 Rc8 26. b5 a6 27. h4 axb5 28. Nxb5 Bxc6 29.
dxc6 Rxc6 30. Rd8+ Kh7 31. Kh2 Rc1 32. Rb8 Ree1 33.
Bf4 Rc4 34. Kg3 Nc1 35. Rxb6 Ne2+ 36.
Kh2 Rxf4 37. Rb7 Rxh4# 0-1

[Event "Early-Titled-Tuesday-Blitz-May-07-2024"]
[Site "Chess.com"]
[Date "2024.05.07"]
[Round "11"]
[White "kidagent"]
[Black "imdvb6307"]
[Result "0-1"]
[WhiteElo "2355"]
[BlackElo "2516"]
[TimeControl "180+1"]
[EndTime "10:12:01 PDT"]
[Termination "imdvb6307 won by resignation"]

1. e4 Nc6 2. Nf3 d6 3. d4 Nf6 4.
Nc3 Bg4 5. Be3 e6 6. h3 Bxf3 7. Qxf3 d5 8. O-O-O dxe4 9. Nxe4 Nxe4 10. Qxe4 Qd5 11.
Qxd5 exd5 12. c4 O-O-O 13. c5 Ne7 14. Bd3 g6 15. g4 Bg7 16. Rhe1 Rde8 17. b4 Nc6 18. a3 Bxd4 19. Bf1 Bxe3+ 20. Rxe3 Rxe3 21. fxe3 Ne7 22. Kc2 f5 23. Kc3 c6 24. Kd4 Re8 25. Bd3 fxg4 26. hxg4 Rf8 27. Rh1 Rf7 28. Ke5 Kd7 29. a4 Ng8 30. g5 Ne7 31. b5 Nf5 32. e4 dxe4 33. Kxe4 Ng3+ 0-1

[Event "Early-Titled-Tuesday-Blitz-May-07-2024"]
[Site "Chess.com"]
[Date "2024.05.07"]
[Round "11"]
[White "rikchessmx"]
[Black "Bilan_Danila"]
[Result "1-0"]
[WhiteElo "2394"]
[BlackElo "2521"]
[TimeControl "180+1"]
[EndTime "10:12:03 PDT"]
[Termination "rikchessmx won by resignation"]

1. e4 c6 2. d4 d5 3. Nc3 b5 4. a3 e6 5. Bd3 b4 6. axb4 Bxb4 7. e5 Ne7 8. Qg4 c5 9. dxc5 Nbc6 10.
Nf3 h5 11. Qxg7 Rg8 12. Qh7 Rxg2 13. Kf1 Rg8 14. Qxh5 Bxc5 15. Bg5 Qc7 16. Bf6 Nd4 17. Ng5 Rxg5 18. Qxg5 Nef5 19. Nb5 Nxb5 20. Bxb5+ Bd7 21. Bd3 Bf8 22. h4 a6 23. h5 Bb5 24. h6 Bxd3+ 25. cxd3 Nxh6 26. Rxh6 Bxh6 27. Qxh6 Kd7 28. Qg7 Re8 29.
Qxf7+ Kc6 1-0

[Event "Early-Titled-Tuesday-Blitz-May-07-2024"]
[Site "Chess.com"]
[Date "2024.05.07"]
[Round "11"]
[White "MarlonJodar"]
[Black "Aisen1011"]
[Result "0-1"]
[WhiteElo "2275"]
[BlackElo "2459"]
[TimeControl "180+1"]
[EndTime "10:12:13 PDT"]
[Termination "Aisen1011 won by resignation"]

1. e4 d5 2. exd5 Qxd5 3. Nc3 Qe5+ 4. Be2 Bg4 5. d4 Bxe2 6. Ngxe2 Qa5 7. O-O Nf6 8. Bf4 Nc6 9. a3 O-O-O 10. b4 Qf5 11.
Be3 e5 12. d5 Ne7 13. Ng3 Qg6 14. Qe2 Nexd5 15. Nxd5 Nxd5 16. Bxa7 Bd6 17. Qc4 Nf4 18. Be3 h5 19. Bxf4 exf4 20. Ne4 f3 21.
g3 Qg4 22. Nxd6+ Rxd6 23. Qxf7 Rf6 24. Qd5 Qh3 0-1

[Event "Early-Titled-Tuesday-Blitz-May-07-2024"]
[Site "Chess.com"]
[Date "2024.05.07"]
[Round "11"]
[White "tantaan"]
[Black "Iskusnyh"]
[Result "1-0"]
[WhiteElo "2498"]
[BlackElo "2574"]
[TimeControl "180+1"]
[EndTime "10:12:14 PDT"]
[Termination "tantaan won by checkmate"]

1. e4 e6 2. d4 d5 3. Nc3 Nf6 4. e5 Nfd7 5. f4 c5 6. Nf3 Nc6 7. Be3 a6 8. Qd2 b5 9. Nd1 Be7 10. c3 O-O 11. Bd3 b4 12. O-O a5 13. f5 exf5 14. Bxf5 Nb6 15. Bxc8 Rxc8 16. dxc5 Nc4 17. Qd3 N6xe5 18. Nxe5 Nxe5 19. Qf5 Nc4 20. Bd4 Bxc5 21. Bxc5 Rxc5 22. cxb4 axb4 23. b3 Nd2 24. Rf4 Ne4 25. Ne3 g6 26. Qe5 Nc3 27. Ng4 f5 28. Nh6# 1-0

[Event "Early-Titled-Tuesday-Blitz-May-07-2024"]
[Site "Chess.com"]
[Date "2024.05.07"]
[Round "11"]
[White "Nemegejas"]
[Black "Evan_Attaker"]
[Result "1-0"]
[WhiteElo "2819"]
[BlackElo "2630"]
[TimeControl "180+1"]
[EndTime "10:12:20 PDT"]
[Termination "Nemegejas won by checkmate"]

1. d4 c5 2. dxc5 e6 3. Nd2 Bxc5 4. Ne4 Be7 5. Nd6+ Bxd6 6. Qxd6 Ne7 7. e4 Nbc6 8. Nf3 Qa5+ 9. Bd2 Qb6 10. Bc3 O-O 11.
Bd3 Ng6 12. h4 Nce7 13. Qg3 f6 14. h5 Nh8 15. O-O-O Qc5 16. Nd4 Qg5+ 17. Qxg5 fxg5 18. Bb4 Re8 19. Nb5 Nc6 20. Bc3 Rf8 21. h6 g6 22.
Bg7 Rxf2 23. Rdf1 Rxf1+ 24. Rxf1 Nf7 25. Nd6 Ncd8 26. Ne8 Nxh6 27. Rf8# 1-0

[Event "Early-Titled-Tuesday-Blitz-May-07-2024"]
[Site "Chess.com"]
[Date "2024.05.07"]
[Round "11"]
[White "AnaKuchava"]
[Black "jinxy2009"]
[Result "0-1"]
[WhiteElo "2196"]
[BlackElo "2276"]
[TimeControl "180+1"]
[EndTime "10:12:21 PDT"]
[Termination "jinxy2009 won by resignation"]

1. d4 Nf6 2. Nf3 g6 3. c4 Bg7 4.
Nc3 d5 5. Bg5 Ne4 6. Bf4 Nxc3 7.
bxc3 c5 8. e3 cxd4 9. cxd4 Nc6 10. cxd5 Qxd5 11. Be2 O-O 12. O-O Bf5 13. Qa4 Rfd8 14.
Rfc1 Qa5 15. Qb3 Qb4 16. Bc4 Qxb3 17. axb3 Rac8 18. h3 a6 19. g4 Be4 20. Nd2 Bd5 21.
Kf1 Bxc4+ 22. bxc4 e6 23. Rcb1 e5 24. Bg3 exd4 25. Rxb7 dxe3 26. Ne4 exf2 27. Nd6 Bxa1 28. Nxc8 Rxc8 29. Kxf2 Bd4+ 30. Kf3 a5 31. Bd6 a4 32. Rb5 Ra8 33. Ba3 Bg7 34. Ke4 Bf8 35. Kd5 Bxa3 0-1

[Event "Early-Titled-Tuesday-Blitz-May-07-2024"]
[Site "Chess.com"]
[Date "2024.05.07"]
[Round "11"]
[White "C_K_G"]
[Black "th3d4rkness"]
[Result "0-1"]
[WhiteElo "2276"]
[BlackElo "2224"]
[TimeControl "180+1"]
[EndTime "10:12:24 PDT"]
[Termination "th3d4rkness won on time"]

1. e4 c5 2. Nf3 Nc6 3. d4 cxd4 4. Nxd4 Nf6 5. Nc3 e5 6. Ndb5 d6 7. Bg5 a6 8. Na3 b5 9. Nd5 Qa5+ 10. c3 Nxe4 11. Be3 Rb8 12. Qf3 f5 13. Bd3 b4 14.
Bxe4 fxe4 15. Qh5+ g6 16. Nf6+ Kf7 17. Qh4 bxa3 18.
O-O axb2 19. Rab1 Be7 20. Bg5 h6 21. Qxe4 Bf5 22. Qxc6 hxg5 23. Nd5 Rhc8 24. Nxe7 Kxe7 0-1

[Event "Early-Titled-Tuesday-Blitz-May-07-2024"]
[Site "Chess.com"]
[Date "2024.05.07"]
[Round "11"]
[White "jinbojinbo"]
[Black "WhiteKnight2612"]
[Result "0-1"]
[WhiteElo "2648"]
[BlackElo "2843"]
[TimeControl "180+1"]
[EndTime "10:12:25 PDT"]
[Termination "WhiteKnight2612 won by resignation"]

1. e4 c5 2. Nf3 Nc6 3. d4 cxd4 4. Nxd4 e5 5. Nb5 Nf6 6. N1c3 a6 7. Nd6+ Bxd6 8. Qxd6 h6 9. Be3 Qe7 10. Qxe7+ Kxe7 11. f3 d6 12. O-O-O Be6 13. Be2 Rhd8 14. Rd2 Rac8 15.
Rhd1 b5 16. Kb1 Rd7 17. a4 b4 18. Nd5+ Bxd5 19. exd5 Nb8 20. a5 Rb7 21. Bf1 Nfd7 22. g4 Nc5 23. b3 Nbd7 24. Kb2 Rf8 25. h4 f5 26. g5 f4 27. Bf2 hxg5 28. hxg5 Rh8 29.
Bc4 Rh3 30. Be2 Rb8 31. Re1 Rbh8 32. Bg1 Rg3 33. c3 Rb8 34. Rc1 bxc3+ 35. Kxc3 Nxb3 36. Rb1 Nxd2 37. Rxb8 Nxb8 0-1

[Event "Early-Titled-Tuesday-Blitz-May-07-2024"]
[Site "Chess.com"]
[Date "2024.05.07"]
[Round "11"]
[White "Payyappat"]
[Black "Yerkinio"]
[Result "0-1"]
[WhiteElo "2518"]
[BlackElo "2672"]
[TimeControl "180+1"]
[EndTime "10:12:26 PDT"]
[Termination "Yerkinio won by resignation"]

1. e4 c5 2. Nf3 d6 3. d4 cxd4 4. Nxd4 Nf6 5. Nc3 a6 6. h4 e5 7. Nb3 Be6 8. f4 exf4 9. Bxf4 Nc6 10. Qd2 Be7 11. O-O-O Ne5 12. Qe3 Qc7 13. Be2 Rc8 14.
Qg3 Nxe4 15. Qxg7 Bf6 16. Qh6 Nxc3 17. Qxf6 Nxe2+ 18. Kb1 Rg8 19. Rhe1 Nxf4 20. Qxf4 Qxc2+ 21. Ka1 Rxg2 22. Qd4 Rc4 23. Rc1 Qxb3 24. Rxc4 Qxc4 0-1

[Event "Early-Titled-Tuesday-Blitz-May-07-2024"]
[Site "Chess.com"]
[Date "2024.05.07"]
[Round "11"]
[White "NMChessToImpress"]
[Black "VirtualCoach"]
[Result "0-1"]
[WhiteElo "2250"]
[BlackElo "2160"]
[TimeControl "180+1"]
[EndTime "10:12:26 PDT"]
[Termination "VirtualCoach won by checkmate"]

1. e4 c5 2. Nf3 d6 3. d4 cxd4 4.
Nxd4 Nf6 5. Nc3 a6 6. Be3 Nc6 7.
f3 e5 8. Nb3 Be6 9. Qe2 d5 10.
exd5 Nxd5 11. Nxd5 Bxd5 12. O-O-O Nb4 13. a3 Qc7 14.
axb4 Bxb3 15. Kb1 Be6 16. b5 Be7 17. b6 Qc6 18. Bf2 Rc8 19. Rc1 Bf5 20. Qxe5 Bxc2+ 21.
Ka2 Qa4# 0-1

[Event "Early-Titled-Tuesday-Blitz-May-07-2024"]
[Site "Chess.com"]
[Date "2024.05.07"]
[Round "11"]
[White "laysa_latifah"]
[Black "Rhesh29"]
[Result "1-0"]
[WhiteElo "2523"]
[BlackElo "2406"]
[TimeControl "180+1"]
[EndTime "10:12:39 PDT"]
[Termination "laysa_latifah won by resignation"]

1. e4 c5 2. Nf3 Nc6 3. Bb5 e5 4. Bxc6 dxc6 5. O-O Bd6 6. d3 Ne7 7. Nbd2 Ng6 8. Nc4 Bc7 9. Be3 Qe7 10. a3 O-O 11. Rb1 f5 12. b4 f4 13. Bxc5 Qe8 14. Bxf8 Nxf8 15. h3 h6 16. d4 Ng6 17. dxe5 Nxe5 18.
Ncxe5 Bxe5 19. Nxe5 Qxe5 20. Qd3 Be6 21. Rfd1 Rf8 22.
f3 Qg5 23. Kf1 Qg3 24. Qe2 b5 25. Qf2 Qg6 26. Rd4 Kh7 27. Rbd1 Qf6 28. Qd2 Qe5 29. Rd6 Bc4+ 30. Kg1 Rc8 31. Qd4 Qg5 32. e5 Re8 33. Re1 Bd5 34. e6 Bxf3 35. Qd3+ Kh8 36. Qxf3 Re7 37. Rd8+ Kh7 38. Qd3+ g6 39. Rd7 h5 40. Rxe7+ Qxe7 41. Qd7 1-0

[Event "Early-Titled-Tuesday-Blitz-May-07-2024"]
[Site "Chess.com"]
[Date "2024.05.07"]
[Round "11"]
[White "Yan_Dyomin2010"]
[Black "ATM622"]
[Result "1-0"]
[WhiteElo "2613"]
[BlackElo "2521"]
[TimeControl "180+1"]
[EndTime "10:12:40 PDT"]
[Termination "Yan_Dyomin2010 won by resignation"]

1. e4 c6 2. d4 d5 3. e5 Bf5 4. h4 h5 5. Bd3 Bxd3 6. Qxd3 e6 7.
Bg5 Be7 8. Nf3 Na6 9. Nbd2 Nb4 10. Qb3 a5 11. a4 b5 12. c3 Na6 13. axb5 Rb8 14.
Qa4 Rxb5 15. b4 Bxg5 16. hxg5 Ne7 17. Nb3 Nxb4 18. cxb4 Rxb4 19. Qa3 Qb6 20. Nbd2 a4 21. O-O Nf5 22. Rfb1 Rxb1+ 23. Rxb1 Qa7 24. Nf1 Ne7 25. Rb4 O-O 26. Rxa4 Qb8 27. Qxe7 Qb3 28. Ra7 Qc2 29. Ne3 Qb1+ 30. Kh2 h4 31. Nxh4 Qh7 32. g6 Qxh4+ 33.
Qxh4 1-0

[Event "Early-Titled-Tuesday-Blitz-May-07-2024"]
[Site "Chess.com"]
[Date "2024.05.07"]
[Round "11"]
[White "ChessBliss09"]
[Black "campochess"]
[Result "1-0"]
[WhiteElo "2221"]
[BlackElo "2142"]
[TimeControl "180+1"]
[EndTime "10:12:42 PDT"]
[Termination "ChessBliss09 won by resignation"]

1. c4 e6 2. Nc3 c6 3. d4 d5 4. e3 Nf6 5. Nf3 Be7 6. b3 Ne4 7. Bb2 Qa5 8. Qc2 Bb4 9. Rc1 Qxa2 10. Bd3 Bxc3+ 11. Bxc3 Qxc2 12. Rxc2 f5 13. O-O Nxc3 14.
Rxc3 Nd7 15. Ra1 O-O 16. b4 a6 17. b5 Nb6 18. bxc6 bxc6 19. cxd5 Nxd5 20. Rxc6 Nb4 21. Rc3 Nxd3 22. Rxd3 Rd8 23. Rc3 h6 24. Ne5 Rd6 25. Rac1 Bb7 26. Rc7 Be4 27. Re7 f4 28. Rcc7 Kf8 29.
Rxg7 1-0

[Event "Early-Titled-Tuesday-Blitz-May-07-2024"]
[Site "Chess.com"]
[Date "2024.05.07"]
[Round "11"]
[White "VD_coach"]
[Black "JeFumeDesClopes"]
[Result "0-1"]
[WhiteElo "2590"]
[BlackElo "2720"]
[TimeControl "180+1"]
[EndTime "10:12:43 PDT"]
[Termination "JeFumeDesClopes won by resignation"]

1. d4 g6 2. Nf3 Bg7 3. g3 d6 4. Bg2 Nf6 5. O-O O-O 6. c4 Nc6 7. Nc3 a6 8. h3 Rb8 9. Be3 b5 10.
c5 b4 11. Na4 Bf5 12. Rc1 Qd7 13.
d5 Na5 14. Nd4 Bxh3 15. c6 Qc8 16. Qd3 Bxg2 17. Kxg2 Nxd5 18. Nb3 Nxe3+ 19. Qxe3 Nxb3 20. axb3 e6 21. Rh1 Rb5 22. Rc4 Qe8 23. Rch4 Qxc6+ 24. f3 Re5 25. Qd2 h5 26. g4 Qb5 27. e4 Rg5 0-1

[Event "Early-Titled-Tuesday-Blitz-May-07-2024"]
[Site "Chess.com"]
[Date "2024.05.07"]
[Round "11"]
[White "Statham_01"]
[Black "ValiantCeleb"]
[Result "1-0"]
[WhiteElo "2651"]
[BlackElo "2306"]
[TimeControl "180+1"]
[EndTime "10:12:46 PDT"]
[Termination "Statham_01 won on time"]

1. g4 d5 2. Bg2 Bxg4 3. c4 c6 4. cxd5 cxd5 5. Qb3 Qc7 6. Nc3 e6 7. Qa4+ Nc6 8. Qxg4 Nf6 9. Qg3 Bd6 10. Qxg7 Ke7 11.
Nb5 Qd7 12. Nxd6 Qxd6 13. Qg3 e5 14. Nf3 Rhg8 15. Qh3 e4 16. Nh4 Qe5 17. O-O Nd4 18. e3 Ne2+ 19. Kh1 Rg4 20. f3 exf3 21. Bxf3 Rg5 22.
Bxe2 Rag8 23. Nf3 Qe4 24. d3 Qxf3+ 25. Qxf3 Ng4 26. Qxf7+ 1-0

[Event "Early-Titled-Tuesday-Blitz-May-07-2024"]
[Site "Chess.com"]
[Date "2024.05.07"]
[Round "11"]
[White "hsd2016"]
[Black "Aklan10n"]
[Result "1-0"]
[WhiteElo "2339"]
[BlackElo "2218"]
[TimeControl "180+1"]
[EndTime "10:12:47 PDT"]
[Termination "hsd2016 won on time"]

1. d4 d5 2. c4 c6 3. Nf3 Nf6 4. Nc3 e6 5. cxd5 exd5 6. Bf4 Bf5 7. e3 h6 8. Bd3 Bxd3 9. Qxd3 Be7 10. O-O O-O 11.
h3 a5 12. a3 b5 13. Rac1 Qb6 14.
Rfd1 Qb7 15. e4 Nbd7 16. exd5 cxd5 17. Qxb5 Qa7 18. Nxd5 Nxd5 19. Qxd5 Nf6 20. Qf5 Qa6 21. d5 Rad8 22. Bc7 Rd7 23. Ne5 Rxd5 24. Rxd5 Nxd5 25. Nd7 Nxc7 26. Nxf8 Qd6 27. Qd7 Bxf8 28. Rxc7 Qe5 29. Qxf7+ 1-0

[Event "Early-Titled-Tuesday-Blitz-May-07-2024"]
[Site "Chess.com"]
[Date "2024.05.07"]
[Round "11"]
[White "Strong_Prodigy"]
[Black "Kotlyar_K"]
[Result "0-1"]
[WhiteElo "2485"]
[BlackElo "2649"]
[TimeControl "180+1"]
[EndTime "10:12:50 PDT"]
[Termination "Kotlyar_K won by checkmate"]

1. d4 Nf6 2. c4 e6 3. Nf3 c5 4. d5 exd5 5. cxd5 d6 6. e4 g6 7.
Nfd2 Bg7 8. Be2 O-O 9. O-O a6 10. a4 Nbd7 11. f3 Re8 12. Nc4 Nb6 13. Nba3 Nxc4 14.
Nxc4 Qc7 15. Bf4 Bf8 16. a5 Bd7 17. Qe1 Bb5 18. Qc3 Nxd5 19. exd5 Rxe2 20. Rfe1 Rxe1+ 21. Rxe1 Bxc4 22. Qxc4 Qxa5 23. Qe4 Qb5 24. Re2 Qd7 25. Bg5 h6 26. Bf6 b5 27. h4 a5 28. h5 Qf5 29. Qxf5 gxf5 30. g4 fxg4 31. Rg2 a4 32. Rxg4+ Kh7 33. Kf2 b4 34. Ke2 a3 35. bxa3 bxa3 36.
Kd2 a2 37. Kc2 a1=Q 38. Bxa1 Rxa1 39. Rf4 Kg7 40. Rg4+ Kf6 41. Rf4+ Ke7 42. Re4+ Kd7 43. Rf4 Ke8 44. Re4+ Be7 45. Rg4 Rf1 46. Rg8+ Kd7 47.
Rg7 Rxf3 48. Rh7 Rf5 49. Rxh6 Rxd5 50. Rh7 Rd4 51. Rxf7 Rh4 52. Rf5 Ke6 53. Rf1 Rxh5 54. Re1+ Re5 55. Rxe5+ Kxe5 56. Kd3 Kd5 57. Kc2 Bf6 58. Kd1 Kc4 59. Kc2 d5 60. Kd1 d4 61.
Ke2 d3+ 62. Kf3 Kd4 63. Kf2 c4 64. Ke1 c3 65. Kd1 c2+ 66. Kc1 Bg5+ 67. Kb2 c1=Q+ 68.
Kb3 Qc2+ 69. Ka3 Be7# 0-1

[Event "Early-Titled-Tuesday-Blitz-May-07-2024"]
[Site "Chess.com"]
[Date "2024.05.07"]
[Round "11"]
[White "Chernov_Alexander_A"]
[Black "AccioChess"]
[Result "1/2-1/2"]
[WhiteElo "2271"]
[BlackElo "2427"]
[TimeControl "180+1"]
[EndTime "10:12:51 PDT"]
[Termination "Game drawn by agreement"]

1. d4 Nf6 2. Nc3 d5 3. Bg5 c6 4. e3 Nbd7 5. Nf3 Ne4 6. Nxe4 dxe4 7. Nd2 Qa5 8. Bh4 e5 9. c3 exd4 10. exd4 Qf5 11. Qe2 Nf6 12. Bxf6 Qxf6 13. Nxe4 Qe6 14. Qe3 Be7 15. Bc4 Qg6 16. O-O O-O 17. Rfe1 Bf5 18. Ng3 Bg5 19. Qf3 Bc2 20. Ne4 Bxe4 21. Qxe4 Qxe4 22.
Rxe4 Rfe8 23. Rae1 Kf8 24. Rxe8+ Rxe8 25. Rxe8+ Kxe8 26. Bd3 Bc1 27. b3 Bb2 28. c4 Bxd4 29. Kf1 g6 30. Ke2 Ke7 31. f3 a5 32. g4 Kd6 33.
Be4 Kc5 34. Kd3 Be5 35. h4 Bg3 36. h5 gxh5 37. gxh5 h6 38. Bh7 Kb4 39. Kc2 Ka3 40. Kb1 a4 41. bxa4 Kxa4 42. Bg8 f6 43. Kc2 Kb4 44. Bf7 1/2-1/2

[Event "Early-Titled-Tuesday-Blitz-May-07-2024"]
[Site "Chess.com"]
[Date "2024.05.07"]
[Round "11"]
[White "Mikhail_Bryakin"]
[Black "Oleksandr_Bortnyk"]
[Result "0-1"]
[WhiteElo "2893"]
[BlackElo "3059"]
[TimeControl "180+1"]
[EndTime "10:12:54 PDT"]
[Termination "Oleksandr_Bortnyk won by resignation"]

1. c4 Nf6 2. Nf3 b6 3. g3 Bb7 4. Bg2 g6 5. O-O Bg7 6. Nc3 O-O 7. d4 Ne4 8. Bd2 Re8 9. Nxe4 Bxe4 10. Bc3 d5 11. Qb3 Nc6 12. Rfd1 a5 13. a4 e6 14. Ne1 Bxg2 15. Nxg2 dxc4 16. Qxc4 Qd5 17. Qxd5 exd5 18. e3 Ne7 19. h4 Nf5 20. Rac1 Nd6 21. b3 Ne4 22. Be1 c5 23. Nf4 cxd4 24. Nxd5 dxe3 25. Nxb6 Rab8 26. Rc6 e2 27. Rd3 Bc3 28. Rcxc3 Nxc3 29. Nd7 Rxb3 30. Nf6+ Kf8 31. Nxe8 Rb1 32. Kg2 Rxe1 33. Rxc3 Rg1+ 0-1

[Event "Early-Titled-Tuesday-Blitz-May-07-2024"]
[Site "Chess.com"]
[Date "2024.05.07"]
[Round "11"]
[White "ChelsieMonica"]
[Black "talaicito"]
[Result "0-1"]
[WhiteElo "2505"]
[BlackElo "2390"]
[TimeControl "180+1"]
[EndTime "10:12:57 PDT"]
[Termination "talaicito won by resignation"]

1. c4 e5 2. g3 d6 3. Bg2 f5 4.
Nc3 Nf6 5. d4 e4 6. d5 Be7 7. Nh3 O-O 8. O-O a5 9. Nf4 Na6 10. Ne6 Bxe6 11. dxe6 Nc5 12. f3 exf3 13. Bxf3 c6 14. Kh1 Nxe6 15. e4 fxe4 16. Nxe4 Qd7 17.
Re1 Rae8 18. Nxf6+ Bxf6 19. Bg4 Qf7 20. Qxd6 Nd4 21.
Bf4 Qxc4 22. Bh5 Rd8 23. Qc7 Qd5+ 24. Kg1 Qxh5 0-1

[Event "Early-Titled-Tuesday-Blitz-May-07-2024"]
[Site "Chess.com"]
[Date "2024.05.07"]
[Round "11"]
[White "NastyaHn"]
[Black "stepanosinovsky"]
[Result "1-0"]
[WhiteElo "2461"]
[BlackElo "2304"]
[TimeControl "180+1"]
[EndTime "10:13:01 PDT"]
[Termination "NastyaHn won on time"]

1. Nc3 Nf6 2. e4 e5 3. Nf3 Nc6 4. d4 exd4 5. Nxd4 Bb4 6. Nxc6 bxc6 7. Bd3 d5 8. Bd2 O-O 9. O-O Re8 10. Re1 Bg4 11. f3 dxe4 12. Bxe4 Nxe4 13. Nxe4 Qd4+ 14. Kh1 Bf5 15. c3 Qd3 16. cxb4 Rad8 17. Bc3 Qc4 18. Qb3 Qb5 19. a4 1-0

[Event "Early-Titled-Tuesday-Blitz-May-07-2024"]
[Site "Chess.com"]
[Date "2024.05.07"]
[Round "11"]
[White "DenisQ"]
[Black "cthulhuuu"]
[Result "1-0"]
[WhiteElo "2726"]
[BlackElo "2542"]
[TimeControl "180+1"]
[EndTime "10:13:16 PDT"]
[Termination "DenisQ won on time"]

1. Nf3 Nf6 2. c4 g6 3. b4 Bg7 4.
Bb2 O-O 5. g3 d6 6. Bg2 e5 7. O-O Nbd7 8. d3 Re8 9. Nbd2 c6 10.
Qc2 Nf8 11. c5 Nd5 12. a3 dxc5 13. bxc5 Qc7 14. Nc4 f6 15. e4 Ne7 16. Nd6 Rd8 17. d4 exd4 18. Nxd4 Rxd6 19. cxd6 Qxd6 20. Rfd1 Qc7 21.
Nb5 Qb6 22. Nd6 Be6 23. Rab1 Qc7 24. a4 Rd8 25. Ba3 Qa5 26. Nxb7 Rxd1+ 27. Rxd1 Qb6 28.
Nc5 Bf7 29. Bh3 1-0